 Dungeon Crawl Stone Soup version 0.15-a0-1345-gc375f20 (webtiles) character file.

46 Quh the Shooter (level 3, 0/26 HPs)
             Began as a Demonspawn Hunter on June 8, 2014.
             Succumbed to an adder's poison
             ... on Level 2 of the Dungeon.
             The game lasted 00:05:52 (1975 turns).

Quh the Shooter (Demonspawn Hunter)                 Turns: 1975, Time: 00:05:52

HP   0/26        AC  3     Str 13      XL: 3   Next: 44%
MP   3/3         EV 11     Int 12      God:
Gold 98          SH  0     Dex 13      Spells:  0 memorised,  2 levels left

rFire  + . .     SeeInvis .     b - +1 shortbow
rCold  . . .     Clarity  .     d - +0 leather armour
rNeg   . . .     rCorr    .     (no shield)
rPois  .         rRot     .     (no helmet)
rElec  .         Spirit   .     (no cloak)
SustAb .         Warding  .     (no gloves)
rMut   .         Stasis   .     (no boots)
Gourm  .                        (no amulet)
MR     +....                    (no ring)
                                n - ring of protection from magic

@: lethally poisoned, somewhat resistant to hostile enchantments, very
unstealthy
A: claws 1, fire resistance 1
a: no special abilities


You were on level 2 of the Dungeon.
You were not hungry.

You visited 1 branch of the dungeon, and saw 2 of its levels.

You collected 98 gold pieces.

Inventory:

Hand weapons
 a - a +0,+0 short sword
 b - a +1,+1 shortbow (weapon)
Missiles
 c - 33 arrows (quivered)
 o - 26 stones
Armour
 d - a +0 leather armour (worn)
Comestibles
 f - a bread ration
Scrolls
 e - 3 scrolls of teleportation {unknown}
 h - a scroll of recharging {unknown}
 i - 2 scrolls of enchant weapon I {unknown}
 l - 3 scrolls of identify {unknown}
Jewellery
 n - a ring of protection from magic (left claw)
 q - an uncursed ring of positive energy {unknown}
Potions
 g - a potion of might {unknown}
 j - 2 potions of restore abilities
 k - a potion of curing {unknown}
 m - a potion of lignification {unknown}
 p - 2 potions of resistance {unknown}
 r - a potion of brilliance {unknown}


   Skills:
 - Level 1.0 Fighting
 * Level 4.7 Bows
 - Level 1.7 Dodging
 - Level 0.8 Stealth


You had 2 spell levels left.
You didn't know any spells.

Dungeon Overview and Level Annotations

Branches:
Dungeon (2/15)

Altars:


Innate Abilities, Weirdness & Mutations

You have sharp fingernails.
Your flesh is heat resistant.


Message History

The adder bites you but does no damage.
b - a +1,+1 shortbow (weapon)
* * * LOW HITPOINT WARNING * * *
You feel sick.
Firing (i - inventory. (,) - cycle):
c - 36 arrows (quivered)
Press: ? - help, Shift-Dir - straight line, f/p - adder
Aim: an adder (almost dead)
You shoot an arrow. The arrow closely misses the adder.
The adder closely misses you. The rat misses you.
Firing (i - inventory. (,) - cycle):
c - 35 arrows (quivered)
Press: ? - help, Shift-Dir - straight line, f/p - adder
Aim: an adder (almost dead)
You shoot an arrow. The arrow misses the adder.
The adder completely misses you. The rat bites you.
* * * LOW HITPOINT WARNING * * *
Firing (i - inventory. (,) - cycle):
c - 34 arrows (quivered)
Press: ? - help, Shift-Dir - straight line, f/p - adder
Aim: an adder (severely wounded)
You shoot an arrow. The arrow closely misses the adder.
You die...

#.......>........# #.#
#...........##..#### #.#
####...............# #.#
..............##.#.#
####.........<.....#####
#..........##........
#............ .......
#..........###........
#............@r.......
####..........###S....)..
..............# .......
####..........# ..(....
#..........# .......
#########.## ....(. #.#
...(. #.# #### #.#


You could see an adder and a rat.

Vanquished Creatures
  An adder (D:2)
  A giant mite (D:1)
  2 giant geckos (D:1)
  An ooze (D:1)
  A bat (D:1)
  5 hobgoblins
  A quokka (D:2)
  A giant newt (D:1)
  2 goblins (D:2)
  6 kobolds
  6 rats
27 creatures vanquished.

Notes
Turn   | Place    | Note
--------------------------------------------------------------
     0 | D:1      | Quh, the Demonspawn Hunter, began the quest for the Orb.
     0 | D:1      | Reached XP level 1. HP: 15/15 MP: 1/1
   268 | D:1      | Reached skill level 4 in Bows
   268 | D:1      | Gained mutation: Your flesh is heat resistant. [demonic ancestry]
   268 | D:1      | Reached XP level 2. HP: 21/21 MP: 2/2
  1255 | D:2      | Gained mutation: You have sharp fingernails. [demonic ancestry]
  1255 | D:2      | Reached XP level 3. HP: 22/26 MP: 3/3
  1974 | D:2      | HP: 1/26 [rat (2)]
  1975 | D:2      | Succumbed to an adder's poison

Action                   || total
-------------------------++-------
Melee: Short sword       ||   124
 Fire: Shortbow          ||    14
  Use: Potion            ||     1
